 Dungeon Crawl Stone Soup version 0.26.0-45-g9c1d065592 (webtiles) character file.

Game seed: 15605357698880782

(classic levelgen) 4882 thiole the Magician (level 10, -4/63 HPs)
             Began as an Octopode Hedge Wizard on Feb 1, 2021.
             Was an Initiate of Gozag.
             Killed from afar by Maggie (22 damage)
             ... with a bolt of fire
             ... on level 9 of the Dungeon.
             The game lasted 00:33:16 (13297 turns).

thiole the Magician (Octopode Hedge Wizard)        Turns: 13297, Time: 00:33:16

Health: -4/63      AC:  3    Str:  9    XL:     10   Next: 50%
Magic:  11/30      EV: 14    Int: 21    God:    Gozag
Gold:   316        SH:  5    Dex: 11    Spells: 11/24 levels left

rFire    . . .     SeeInvis +   q - +6 short sword of Pesod {freeze, *Contam rC+++ SInv Stlth+}
rCold    + + +     Faith    .   I - +2 buckler
rNeg     . . .     Spirit   .   b - +2 hat
rPois    .         Reflect  .   g - amulet of the acrobat
rElec    .         Harm     .   i - ring of see invisible
rCorr    .         Rampage  .   z - ring of magical power
Will     .....                  (no ring)
Stlth    +++++.....             (no ring)
HPRegen  0.20/turn              (no ring)
MPRegen  0.22/turn              (no ring)
                                (no ring)
                                (no ring)

@: lethally poisoned (-4 -> -5), gold aura, very slightly contaminated
A: almost no armour, stealthy swim, amphibious, 8 rings, constrict 8, camouflage
1, gelatinous body 1
a: Renounce Religion, Potion Petition, Call Merchant, Bribe Branch


You were on level 9 of the Dungeon.
You worshipped Gozag.
Gozag was aware of your devotion.
You visited 2 branches of the dungeon, and saw 10 of its levels.
You also visited: Ossuary.

You collected 1548 gold pieces.
You paid 1232 gold pieces to Gozag.

Inventory:

Hand Weapons
 a - a +0 dagger
 q - the +6 short sword of Pesod (weapon) {freeze, *Contam rC+++ SInv Stlth+}
   (You found it on level 4 of the Dungeon)

   It has been specially enchanted to freeze those struck by it, causing extra
   injury to most foes and up to half again as much damage against particularly
   susceptible opponents.
   It can also slow down cold-blooded creatures.
   It renders you almost immune to cold.
   It lets you see invisible.
   It causes magical contamination when unequipped.
   It makes you more stealthy.
 w - the +6 hand axe of Trog's Supremacy {vorpal, +Fly Int+3}
   (You found it on level 6 of the Dungeon)

   It inflicts extra damage upon your enemies.
   It affects your intelligence (+3).
   It lets you fly.
Armour
 b - a +2 hat (worn)
 I - a +2 buckler (worn)
Jewellery
 g - an amulet of the acrobat (around mantle)
 i - a ring of see invisible (left tentacle)
 z - a ring of magical power (right tentacle)
Wands
 s - a wand of iceblast (12)
 v - a wand of digging (3)
 y - a wand of random effects (14)
 C - a wand of flame (9)
 G - a wand of polymorph (6)
Scrolls
 c - 2 scrolls of teleportation {unknown}
 d - a scroll of random uselessness {unknown}
 f - 8 scrolls of remove curse
 j - 3 scrolls of magic mapping
 k - 2 scrolls of fear
 l - 2 scrolls of immolation {unknown}
 n - a scroll of noise {unknown}
 r - 2 scrolls of fog {unknown}
 u - a scroll of identify
 D - a scroll of acquirement {unknown}
 F - a scroll of amnesia {unknown}
 J - a scroll of enchant weapon {unknown}
Potions
 e - 2 potions of invisibility
 h - 2 potions of cancellation
 m - 3 potions of curing
 o - 2 potions of flight
 p - a potion of brilliance
 t - 2 potions of ambrosia {unknown}
 x - 2 potions of magic
 A - 3 potions of degeneration {unknown}
 B - a potion of lignification {unknown}
 E - a potion of might
 H - a potion of heal wounds


   Skills:
 - Level 4.0 Fighting
 - Level 4.0 Short Blades
 - Level 4.0 Dodging
 - Level 5.0 Stealth
 + Level 1.5 Shields
 + Level 7.9 Spellcasting
 - Level 3.0 Conjurations
 - Level 3.0 Summonings
 - Level 2.9 Translocations
 - Level 3.0 Transmutations
 - Level 5.0 Fire Magic
 + Level 4.0 Air Magic
 - Level 3.0 Earth Magic
 + Level 4.1 Poison Magic


You had 11 spell levels left.
You knew the following spells:

 Your Spells              Type           Power        Failure   Level
a - Magic Dart            Conj           80%          3%          1
b - Call Imp              Summ           21%          4%          2
c - Mephitic Cloud        Conj/Pois/Air  23%          7%          3
d - Olgreb's Toxic Radia  Pois           25%          19%         4
e - Ignite Poison         Fire/Tmut/Pois 25%          6%          3

Your spell library contained the following spells:

 Spells                   Type           Power        Failure   Level
 Foxfire                  Conj/Fire      100%         2%          1
 Shock                    Conj/Air       92%          2%          1
 Sting                    Tmut/Pois      92%          2%          1
 Sandblast                Erth           40%          3%          1
 Poisonous Vapours        Pois/Air       50%          3%          2
 Swiftness                Air            25%          3%          2
 Blink                    Tloc           N/A          4%          2
 Passwall                 Tmut/Erth      16%          4%          2
 Conjure Flame            Conj/Fire      25%          6%          3
 Static Discharge         Conj/Air       23%          8%          3
 Stone Arrow              Conj/Erth      40%          10%         3
 Animate Skeleton         Necr           16%          11%         1
 Pain                     Necr           32%          11%         1
 Inner Flame              Hex/Fire       18%          12%         3
 Slow                     Hex            8%           17%         2
 Airstrike                Air            12%          22%         4
 Sticky Flame             Conj/Fire      25%          22%         4
 Vampiric Draining        Necr           4%           32%         3
 Petrify                  Tmut/Erth      20%          32%         4
 Fireball                 Conj/Fire      12%          52%         5
 Lightning Bolt           Conj/Air       11%          58%         5
 Lee's Rapid Deconstruct  Erth           10%          65%         5
 Animate Dead             Necr           4%           73%         4
 Agony                    Necr           8%           97%         5


Dungeon Overview and Level Annotations

Branches:
Dungeon (9/15)             Temple (1/1) D:5         Ossuary (visited)
   Lair: D:8-11         Orc: D:9-12

Altars:
Ashenzari
Cheibriados
Dithmenos
Elyvilon
Fedhas
Gozag
Hepliaklqana
Kikubaaqudgha
Makhleb
Nemelex Xobeh
Okawaru
Qazlal
Ru
Sif Muna
Trog
Uskayaw
Vehumet
Wu Jian
Xom
Yredelemnul
Zin
The Shining One

Annotations:
D:9 Maggie


Innate Abilities, Weirdness & Mutations

You cannot wear most types of armour.
You are very stealthy in the water. (Stealth+)
You are amphibious.
You can wear up to eight rings at the same time.
You can use your tentacles to constrict eight enemies at once.
Your skin changes colour to match your surroundings (Stealth+).
Your rubbery body absorbs attacks. (AC +1, EV +1)


Message History

The centaur seems to burn from within!!!
You kill the centaur!
Maggie is poisoned.
Your toxic aura wanes.
Maggie gestures at you while chanting. The bolt of fire hits you!!
Ouch! That really hurt!
* * * LOW HITPOINT WARNING * * *
Your life force feels restored.
Your Air Magic skill increases to level 4! [a] - 260 gold - resistance [b] - 105 gold - heal wounds [c] - 184 gold - might and brilliance Purchase which effect?
You no longer have enough gold to petition Gozag for potion effects.
You feel much better.
You feel sick. Maggie casts a spell at you. The bolt of fire hits you!!
You die...
Your body crumbles into a pile of gold.

..... #.# #.....[....#
..### #.# #..........#
...####..#.## #..........#
.......#.#..####...>......#
#.####.#.##...............#
#.# #>...#..#..........#
#.#### .###............[..#
#....##.........###########
####........####@....#
#######(.##.............
............##..........
..#########..#@..$.....>
(.......................
#####................... #
########............ #
#..$......... #


You could see Maggie (poisoned).

Vanquished Creatures
  Erica (D:8)
  A troll (D:9)
  A wraith (Ossuary)
  A vampire (D:9)
  A wyvern (D:9)
  A vampire mosquito (D:8)
  An ogre (D:7)
  A phantom (D:7)
  3 sky beasts
  An eye of draining (D:8)
  A necrophage (D:7)
  3 centaurs
  2 bullfrogs
  A water moccasin zombie (D:6)
  A water moccasin skeleton (D:4)
  2 scorpions
  16 wights
  A howler monkey (D:8)
  A bullfrog zombie (D:6)
  2 centaur zombies
  3 lava snakes (D:8)
  4 orc priests
  Crazy Yiuf (D:6)
  2 bullfrog skeletons
  3 hounds
  3 jellies
  12 orc wizards
  4 worker ants
  An iguana (D:5)
  2 hound zombies
  A hound skeleton (D:9)
  2 mummies
  11 adders
  3 gnolls (D:8)
  A howler monkey skeleton (D:8)
  A shadow imp (D:7)
  2 white imps
  4 ufetubi
  2 adder zombies (D:4)
  An ooze (D:1)
  An adder skeleton (D:4)
  4 dart slugs
  2 worms (D:3)
  4 leopard geckos
  24 orcs
  3 ball pythons
  7 bats
  A bat zombie (D:2)
  3 giant cockroaches
  11 hobgoblins
  8 jackals
  4 kobolds
  2 quokkas
  5 frilled lizards
  5 gnoll skeletons (Ossuary)
  12 goblins
  2 goblin zombies (D:8)
  A jackal zombie (D:4)
  7 kobold skeletons (Ossuary)
  13 orc skeletons (Ossuary)
  2 quokka skeletons
  4 rats
230 creatures vanquished.

Vanquished Creatures (collateral kills)
  Sigmund (D:6)
  Edmund (D:4)
  An ogre (D:5)
  A centaur zombie (D:4)
  A worker ant zombie (D:4)
  4 gnolls (D:6)
  A worm (D:4)
  A jackal (D:8)
11 creatures vanquished.

Vanquished Creatures (others)
  A plant (D:6)
  5 withered plants (D:4)
6 creatures vanquished.

Grand Total: 247 creatures vanquished

Notes
Turn   | Place    | Note
-------+----------+-------------------------------------------
     0 | D:1      | thiole the Octopode Hedge Wizard began the quest for the
                  | Orb.
     0 | D:1      | Reached XP level 1. HP: 11/11 MP: 4/4
   174 | D:1      | Reached XP level 2. HP: 17/17 MP: 0/6
   605 | D:1      | Reached XP level 3. HP: 10/21 MP: 0/7
  1800 | D:2      | Reached XP level 4. HP: 27/27 MP: 6/8
  2455 | D:2      | Found a basalt altar of Yredelemnul.
  2491 | D:3      | Found a faded altar of an unknown god.
  3338 | D:3      | Reached XP level 5. HP: 31/31 MP: 6/10
  3900 | D:4      | Learned a level 2 spell: Call Imp
  3904 | D:4      | Learned a level 3 spell: Mephitic Cloud
  4178 | D:4      | Reached XP level 6. HP: 23/36 MP: 5/11
  4431 | D:4      | Noticed Edmund
  4462 | D:4      | Killed Edmund
  4807 | D:4      | Reached XP level 7. HP: 32/41 MP: 3/12
  5461 | D:4      | Got a scorched short sword
  5462 | D:4      | Identified the +6 short sword of Pesod {freeze, *Contam
                  | rC+++ SInv Stlth+} (You found it on level 4 of the Dungeon)
  5474 | D:5      | Entered Level 5 of the Dungeon
  5478 | D:5      | Found a staircase to the Ecumenical Temple.
  5482 | Temple   | Entered the Ecumenical Temple
  5569 | Temple   | Became a worshipper of Gozag Ym Sagoz the Greedy
  5839 | D:5      | Found a sacrificial altar of Ru.
  5847 | D:5      | Reached skill level 1 in Fire Magic
  5875 | D:5      | Reached skill level 1 in Fighting
  5875 | D:5      | Reached skill level 1 in Short Blades
  7078 | D:6      | Noticed Sigmund
  7102 | D:6      | Killed Sigmund
  7103 | D:6      | Reached skill level 5 in Stealth
  7103 | D:6      | Reached XP level 8. HP: 46/50 MP: 3/13
  7143 | D:6      | Got an ebony hand axe
  7144 | D:6      | Identified the +6 hand axe of Trog's Supremacy {vorpal,
                  | +Fly Int+3} (You found it on level 6 of the Dungeon)
  8081 | D:6      | Found a runed translucent door.
  8082 | D:6      | Noticed Crazy Yiuf
  8089 | D:6      | Killed Crazy Yiuf
  8160 | D:6      | Reached skill level 5 in Fire Magic
  8256 | D:7      | Reached skill level 1 in Air Magic
  8671 | D:7      | Reached skill level 4 in Spellcasting
  8671 | D:7      | Reached XP level 9. HP: 58/58 MP: 15/15
  8908 | D:7      | Reached skill level 1 in Transmutations
  9022 | D:8      | Found a sand-covered staircase.
  9031 | Ossuary  | Entered an ossuary
  9614 | D:8      | Noticed Erica
  9623 | D:8      | Killed Erica
  9624 | D:8      | Reached skill level 6 in Spellcasting
 10123 | D:8      | Reached skill level 7 in Spellcasting
 10495 | D:8      | Reached XP level 10. HP: 38/63 MP: 9/20
 10667 | D:8      | Reached skill level 1 in Earth Magic
 12325 | D:9      | Found a shimmering altar of Xom.
 12330 | D:9      | Found a shimmering altar of Xom.
 12331 | D:9      | Found a shimmering altar of Xom.
 12331 | D:9      | Found a shimmering altar of Xom.
 12332 | D:9      | Found a shimmering altar of Xom.
 12830 | D:8      | Learned a level 4 spell: Olgreb's Toxic Radiance
 12834 | D:8      | Learned a level 3 spell: Ignite Poison
 12924 | D:9      | Noticed Maggie
 13072 | D:9      | Noticed a harpy
 13073 | D:9      | Found a shimmering altar of Xom.
 13073 | D:9      | Noticed a fire crab
 13076 | D:9      | a fire crab changed into a redback
 13117 | D:9      | Reached skill level 1 in Shields
 13296 | D:9      | HP: 3/61 [Maggie/bolt of fire (33)]
 13297 | D:9      | Killed from afar by Maggie

Illustrated notes

Levels and vault maps discovered:
D:1:      minmay_arrival_diagonal_passages, layout_basic
D:2:      layout_loops_ring, lemuel_coloured_pillars_altar,
          minmay_pentomino_pile
D:3:      layout_loops_ring, chequers_ecumenical_altar_simple_redux
D:4:      layout_rooms, serial_undead, serial_undead_b, serial_undead_b,
          serial_undead_d, serial_undead_d, uniq_edmund
D:5:      layout_basic, minmay_temple_entry_grid, dk_noncrumbling_4,
          nicolae_ru_sacrificial_ziggurat
D:6:      corexii_shack_village, layout_loops_corners, uniq_sigmund,
          uniq_crazy_yiuf_cottage
D:7:      layout_loops_ring
D:8:      kennysheep_big_flooded_room, layout_loops_ring,
          nicolae_ossuary_entry_giza, uniq_erica
D:9:      layout_rooms, xom_shifter_show, uniq_maggie
Temple:   dpeg_three_leaves_temple

Skill      XL: |  1  2  3  4  5  6  7  8  9 10 |
---------------+-------------------------------+-----
Stealth        | 3 4 5 |  5.0
Conjurations   | 2 3 |  3.0
Summonings     | 2 3 |  3.0
Translocations | 2 |  2.9
Dodging        | 3 4 |  4.0
Fire Magic     | 2 5 |  5.0
Fighting       | 2 4 |  4.0
Short Blades   | 2 4 |  4.0
Air Magic      | 2 3 4 |  4.0
Poison Magic   | 2 3 4 |  4.1
Spellcasting   | 4 7 |  7.9
Transmutations | 3 |  3.0
Earth Magic    | 3 |  3.0
Shields        | 1 |  1.5

Action                   |  1- 3 |  4- 6 |  7- 9 | 10-12 || total
-------------------------+-------+-------+-------+-------++-------
Melee: Dagger            |    25 |    44 |     3 |       ||    72
       Constrict         |     9 |    12 |    45 |    19 ||    85
       Tentacles         |     6 |    14 |    31 |    18 ||    69
       Short sword       |       |       |   230 |   113 ||   343
 Cast: Magic Dart        |    70 |   147 |    59 |    46 ||   322
       Call Imp          |       |     8 |    38 |    15 ||    61
       Mephitic Cloud    |       |       |     3 |     2 ||     5
       Olgreb's Toxic Ra |       |       |       |     5 ||     5
       Ignite Poison     |       |       |       |     2 ||     2
Invok: Potion Petition   |       |       |     2 |     2 ||     4
  Use: Scroll            |       |     4 |     7 |     5 ||    16
       Potion            |       |       |     3 |       ||     3
 Stab: Sleeping          |       |     1 |    32 |     4 ||    37
       Confused          |       |       |     1 |     1 ||     2
       Distracted        |       |       |       |     1 ||     1
Armor: Skin              |     4 |     4 |     8 |     8 ||    24
Dodge: Dodged            |    24 |    42 |   101 |    55 ||   222
Block: Buckler           |       |       |       |    17 ||    17
